 Dungeon Crawl Stone Soup version 0.30.1 (webtiles) character file.

Game seed: 9913413168253089814

19 javelincjr the Caller (level 2, -1/17 HPs)
             Began as an Octopode Summoner on July 3, 2023.
             Slain by an adder (4 damage)
             ... on level 2 of the Dungeon.
             The game lasted 00:02:09 (567 turns).

javelincjr the Caller (Octopode Summoner)            Turns: 567, Time: 00:02:09

Health: -1/17      AC:  1    Str:  7    XL:     2   Next: 75%
Magic:  5/5        EV: 13    Int: 17    God:
Gold:   89         SH:  0    Dex: 12    Spells: 2/5 levels left

rFire   . . .        (no weapon)
rCold   . . .        (no shield)
rNeg    . . .        (helmet restricted)
rPois   .            (no amulet)
rElec   .            e - ring of resist corrosion
rCorr   +            (no ring)
SInv    .            (no ring)
Will    .....        (no ring)
Stlth   +++          (no ring)
HPRegen 0.22/turn    (no ring)
MPRegen 0.09/turn    (no ring)
                     (no ring)

%: no passive effects
@: no status effects
A: almost no armour, amphibious, 8 rings, camouflage 1, gelatinous body 1,
(nimble swimmer 1), tentacles
a: no special abilities


You were on level 2 of the Dungeon.
You visited 1 branch of the dungeon, and saw 2 of its levels.

You collected 89 gold pieces.

Inventory:

Jewellery
 e - a ring of resist corrosion (left tentacle)
Scrolls
 c - 3 scrolls of identify {unknown}
 d - a scroll of magic mapping {unknown}
 f - a scroll of teleportation {unknown}
Potions
 a - a potion of magic
 b - a potion of ambrosia {unknown}
 g - a potion of mutation {unknown}
 h - a potion of brilliance {unknown}


   Skills:
 + Level 2.3 Dodging
 + Level 3.2 Stealth
 + Level 2.2 Spellcasting
 + Level 4.2 Summonings


You had 2 spell levels left.
You knew the following spells:

 Your Spells              Type           Power      Damage    Failure   Level
a - Summon Small Mammal   Summ           64%        N/A       3%          1
b - Call Imp              Summ           32%        N/A       4%          2

Your spell library contained the following spells:

 Spells                   Type           Power      Damage    Failure   Level
 Call Canine Familiar     Summ           16%        N/A       10%         3
 Summon Guardian Golem    Hex/Summ       9%         N/A       24%         3
 Summon Lightning Spire   Summ/Air       9%         N/A       63%         4


Dungeon Overview and Level Annotations

Branches:
Dungeon (2/15)

Altars:
Yredelemnul


Innate Abilities, Weirdness & Mutations

You cannot wear most types of armour.
You are amphibious.
You can wear up to eight rings at the same time.
Your skin changes colour to match your surroundings (Stealth+).
Your rubbery body absorbs attacks. (AC +1, EV +1)
((You are camouflaged when in or above water. (Stealth+)))
You have tentacles for arms and can constrict up to eight enemies at once.


Message History

Your cerulean imp closely misses the adder.
The adder closely misses your cerulean imp.
Your cerulean imp closely misses the adder.
The adder closely misses your cerulean imp.
The adder barely misses your cerulean imp.
Your cerulean imp misses the adder.
You swap places.
The adder barely misses you.
Your cerulean imp hits the adder from afar with a -3 spear.
You closely miss the adder. Your grab misses the adder.
The adder is lightly wounded.
The adder bites you.
You are poisoned.
The adder poisons you!
Your cerulean imp barely misses the adder.
The adder bites you.
You feel sick. The adder bites you.
* * * LOW HITPOINT WARNING * * *
Your cerulean imp closely misses the adder.
Unknown command.
You are too injured to fight recklessly!
You feel sick.
Your cerulean imp barely misses the adder.
You feel sick. The adder bites your cerulean imp.
Your cerulean imp barely misses the adder.
The adder closely misses your cerulean imp.
You feel sick.
Your cerulean imp barely misses the adder.
You feel sick.
You are no longer poisoned.
Your cerulean imp barely misses the adder.
Your cerulean imp barely misses the adder.
You miss the adder. Your grab misses the adder. Your squeeze misses the adder.
The adder is lightly wounded.
The adder misses you.
You barely miss the adder. Your grab misses the adder.
Your cerulean imp hits the adder but does no damage.
The adder barely misses you.
You tentacle-slap the adder but do no damage.
Your grab misses the adder. The adder bites you.
You die...

#.._..# ...# #......
#...# ...... #....#.
#...# ##....#.. #..#
###........
##..######..........
######...................
.......†......#..........
###....@................
#.....S##.###...........
.....##.##...............
###.###5##..............r
................<........
................###.....#
.........#........ ..##.#
......#........... ... ..
####...$#.........


You could see an adder (ally target) and a friendly cerulean imp (summoned).

Vanquished Creatures
  A bat (D:1)
  A giant cockroach (D:1)
  A goblin (D:1)
  A hobgoblin (D:1)
  A kobold (D:1)
  A quokka (D:1)
  2 ball pythons (D:1)
  A frilled lizard (D:1)
  A rat (D:1)
10 creatures vanquished.

Vanquished Creatures (collateral kills)
  A bat (D:1)
  An endoplasm (D:1)
  A hobgoblin (D:2)
  2 quokkas (D:1)
  A ball python (D:2)
  A frilled lizard (D:1)
7 creatures vanquished.

Grand Total: 17 creatures vanquished

Notes
Turn   | Place    | Note
-------+----------+-------------------------------------------
     0 | D:1      | javelincjr the Octopode Summoner began the quest for the
                  | Orb.
     0 | D:1      | Reached XP level 1. HP: 11/11 MP: 3/3
   184 | D:1      | Found a faded altar of an unknown god.
   225 | D:1      | Reached XP level 2. HP: 14/17 MP: 5/5
   499 | D:1      | Learned a level 2 spell: Call Imp
   520 | D:1      | You fall into a shaft and drop 1 floor!
   532 | D:2      | Found a basalt altar of Yredelemnul.
   567 | D:2      | Slain by an adder

Illustrated notes

Levels and vault maps discovered:
D:1:      minmay_arrival_stair_chambers, layout_rooms,
          shapermc_ecumenical_altar_mp_ritualfount
D:2:      layout_rooms, basic_altar

Skill      XL: |  1 |
---------------+----+-----
Stealth        | 3 |  3.2
Dodging        | |  2.3
Spellcasting   | |  2.2
Summonings     | |  4.2

Action                     || total
---------------------------++-------
  Melee: Unarmed           ||    38
         Constrict         ||    10
         Tentacles         ||     7
   Cast: Summon Small Mamm ||    19
         Call Imp          ||     1
   Stab: Distracted        ||     2
 Armour: Skin              ||     4
  Dodge: Dodged            ||    28
